cohdb
Replays
Latest Replays
All Replays
Popular Replays
Top Player Replays
Match Explorer
How It Works
Community
CoH3 Stats
Reddit
Sign in to upload your games and track your stats! →
Sign in with Steam
Match 43990623
Unlisted
Match 43990623
Overview
Messages
Build Orders
End
Royal Engineer Section
Construct Section Command Post
Selects Canadian Shock Battlegroup
Dingo Light Scout Car
Infantry Section
Infantry Section
Construct Platoon Command Post
Unlock M3 Stuart Light Tanks
M3 Stuart Light Tank
M3 Stuart Light Tank
Selects Attacking Spirit
Selects Canadian Shock Section
Selects Incendiary Munitions
Light Vehicle Training
Canadian Shock Section
Construct Field Infirmary
Construct Company Command Post
Canadian Shock Section
6-pounder Anti-tank Gun Team
Crusader II Medium Tank
Selects Pyrotechnics
Crusader II Medium Tank
Crusader II Medium Tank
Selects Churchill Crocodile Heavy Tank
Armored Vehicle Training
Canadian Shock Section
DrewP
烧花鸭烧雏鸡儿烧子鹅
0
0
Comments
sign in to comment!
No comments posted yet!